 Dungeon Crawl Stone Soup version 0.30-a0-672-gc3a7216ad8 (webtiles) character file.

Game seed: 7429151467690192370

19 Leeroy the Slasher (level 2, 17/17 HPs)
             Began as a Tengu Reaver on Jan 18, 2023.
             Got out of the dungeon alive.
             The game lasted 00:02:25 (579 turns).

Leeroy the Slasher (Tengu Reaver)                    Turns: 579, Time: 00:02:26

Health: 17/17      AC:  3    Str: 12    XL:     2   Next: 75%
Magic:  6/6        EV: 11    Int: 13    God:
Gold:   51         SH:  0    Dex: 12    Spells: 4/5 levels left

rFire   . . .      SeeInvis .    a - +0 falchion
rCold   . . .      Faith    .    (no shield)
rNeg    . . .      Spirit   .    b - +0 leather armour
rPois   .          Reflect  .    (helmet restricted)
rElec   .          Harm     .    (no cloak)
rCorr   .          Rampage  .    (no gloves)
Will    .....                    (boots unavailable)
Stlth   +                        (no amulet)
HPRegen 0.22/turn                (no ring)
MPRegen 0.10/turn                (no ring)

@: no status effects
A: beak, talons 3
a: no special abilities


You escaped.
You visited 1 branch of the dungeon, and saw 1 of its levels.

You collected 51 gold pieces.

Inventory:

Hand Weapons
 a - a +0 falchion (weapon)
Armour
 b - a +0 leather armour (worn)
Scrolls
 c - a scroll of identify {unknown}
 d - a scroll of teleportation {unknown}


   Skills:
 - Level 2.0 Fighting
 + Level 4.3 Long Blades
 - Level 2.1 Dodging
 - Level 2.0 Spellcasting
 - Level 4.0 Conjurations


You had 4 spell levels left.
You knew the following spells:

 Your Spells              Type           Power      Damage    Failure   Level
a - Kiss of Death         Conj/Necr      24%        2d7       14%         1

Your spell library contained the following spells:

 Spells                   Type           Power      Damage    Failure   Level
 Momentum Strike          Conj/Tloc      12%        3d8       22%         2
 Slow                     Hex            4%         N/A       32%         1
 Hailstorm                Conj/Ice       6%         3d4       38%         3
 Confusing Touch          Hex            1%         N/A       67%         3
 Vampiric Draining        Necr           1%         2d6       67%         3


Dungeon Overview and Level Annotations

Branches:
Dungeon (1/15)

Altars:


Innate Abilities, Weirdness & Mutations

You have a beak for a mouth.
You have claws for feet.


Message History

You see here a bat corpse.
You pick up a book of Debilitation and begin reading...
You add the spells Slow, Vampiric Draining and Confusing Touch to your library.
No target in view!
A goblin and a bat come into view.
There are monsters nearby!
The goblin shouts!
You barely miss the goblin. Your peck misses the goblin.
The goblin hits you with a +0 dagger.
You hit the goblin. You claw the goblin.
You kill the goblin!
The bat hits you. The bat barely misses you.
You hit the bat.
You kill the bat!
No target in view!
No target in view!
No target in view!
No target in view!
You see here a +0 dagger.
You see here a +0 dagger.
d - a scroll labelled YCHEIM ECVAJOL
Okay, then.
A rat comes into view.
A rat is nearby!
A rat is nearby!
You closely miss the rat. The rat closely misses you.
You slash the rat!
You kill the rat!
No target in view!
No target in view!
Okay, then.
There is a stone staircase leading down here.
You see here a +0 sling.
You see here a +0 mace.
Found 10 gold pieces.
Key pressed, stopping travel.
You can't go up here!
There is a staircase leading out of the dungeon here.
Are you sure you want to leave the Dungeon?
This will make you lose the game!
You have escaped! #.# #.PP.PP.PP.PP.P #.# #.PP.P.PP.P.PP.P.P #.# #.PP.P.P.PPP.P.P.P #.# #.PP.P.PP.P.PP.P.P #.# #.PP.PP.PP.PP.PP.P #.# #.PPP.PP.PPP.PP.PPP #.# #.PPP.PPP...PPP.PP #)#####.PPPP..PPPPP..PPP #.##....PPPPPP..@..PPPPP ..##.###PPPPPPPPPPPPPPPP

.# ####.# ####.###...###.## #.#
####.# #.......# #.# #.# .....#
###.#.#.###.## #.#####
####.########.#.#.##...##
#.##...
...........##.#.#.#.....#
#.##.##
####.#####.##...#.##...####.##.#
##..#####..................##.#


There were no monsters in sight!

Vanquished Creatures
  2 bats (D:1)
  3 endoplasms (D:1)
  2 goblins (D:1)
  3 hobgoblins (D:1)
  3 ball pythons (D:1)
  A kobold (D:1)
  3 rats (D:1)
17 creatures vanquished.

Vanquished Creatures (others)
  6 plants (D:1)
6 creatures vanquished.

Grand Total: 23 creatures vanquished

Notes
Turn   | Place    | Note
-------+----------+-------------------------------------------
     0 | D:1      | Leeroy the Tengu Reaver began the quest for the Orb.
     0 | D:1      | Reached XP level 1. HP: 12/12 MP: 4/4
    94 | D:1      | Reached XP level 2. HP: 17/17 MP: 6/6
   579 | D:$      | Got out of the dungeon alive.

Illustrated notes

Levels and vault maps discovered:
D:1:      roderic_crop_circles_arrival_small, layout_loops_ring

Skill      XL: |  1  2 |
---------------+-------+-----
Long Blades    | 4 |  4.3
Fighting       | |  2.0
Dodging        | |  2.1
Spellcasting   | |  2.0
Conjurations   | |  4.0

Action                   || total
-------------------------++-------
Melee: Falchion          ||    33
       Kick              ||    10
       Peck              ||     3
 Stab: Sleeping          ||     2
Armor: Leather armour    ||    11
Dodge: Dodged            ||    15

Table legend: (Time is in decaauts)
 A = Elapsed time spent in this place.
 B = Non-inter-level travel time spent in this place.
 C = Inter-level travel time spent in this place.
 D = Time resting spent in this place.
 E = Time spent auto-exploring this place.
 F = Levels seen in this place.
 G = Mean time per level.
                   A        B        C        D        E       F      G
               +--------+--------+--------+--------+--------+-----+--------+
         Total |    582 |    421 |    161 |      0 |    323 |   1 |  582.0 |
       Dungeon |    582 |    421 |    161 |      0 |    323 |   1 |  582.0 |
               +--------+--------+--------+--------+--------+-----+--------+

Top non-repeatable levels by time:
     D:1: 582 daAuts
